 Dungeon Crawl Stone Soup version 0.17-a0-377-gdd46233 (webtiles) character file.

12651 McCoppin the Basher (level 11, -14/89 HPs)
             Began as a Mummy Gladiator on Apr 2, 2015.
             Was a Priest of Ashenzari.
             Demolished by a minotaur
             ... wielding a +4 rod of ignition (11/11)
              (26 damage)
             ... in a labyrinth.
             The game lasted 01:10:36 (17766 turns).

McCoppin the Basher (Mummy Gladiator)              Turns: 17766, Time: 01:10:36

Health: -14/89     AC: 17    Str: 20    XL:     11   Next: 65%
Magic:  11/11      EV:  7    Int:  7    God:    Ashenzari [***...]
Gold:   629        SH:  0    Dex: 13    Spells: 0 memorised, 10 levels left

rFire  x . .     SeeInvis +     a - +0 dire flail (crush) (curse)
rCold  + . .     Clarity  +     e - +1 plate armour
rNeg   + + +     SustAb   .     (no shield)
rPois  ∞         Gourm    .     j - +0 hat {MR+} (curse)
rElec  .         Spirit   .     E - +1 cloak {rPois}
rCorr  .         Warding  .     n - +0 pair of gloves
rMut   .         Stasis   .     (no boots)
MR     +++..                    (no amulet)
Stlth  ..........               z - ring of protection from magic
                                p - ring of invisibility

@: very slightly contaminated, extremely resistant to hostile enchantments,
extremely unstealthy
A: no food or potions, fire vulnerability, cold resistance 1, negative energy
resistance 3, torment resistance, unbreathing
a: Renounce Religion, Evoke Invisibility


You were in a labyrinth.
You worshipped Ashenzari.
Ashenzari was most pleased with you.
You were not hungry.

You visited 3 branches of the dungeon, and saw 13 of its levels.
You also visited: Labyrinth.

You collected 822 gold pieces.
You spent 193 gold pieces at shops.

Inventory:

Hand weapons
 a - a cursed +0 dire flail of crushing (weapon)
 b - a +0 blowgun
 q - a +4 lajatang
Missiles
 f - 73 poisoned needles
 v - 4 javelins (quivered)
Armour
 c - a +0 helmet
 e - a +1 plate armour (worn)
 g - a +0 leather armour
 j - a cursed +0 hat of magic resistance (worn)
 n - a +0 pair of gloves (worn)
 y - a +0 cloak
 E - a +1 cloak of poison resistance (worn)
Jewellery
 k - an uncursed ring of teleportation
 o - an uncursed ring of ice
 p - a ring of invisibility (left hand)
 x - an uncursed ring of protection from cold
 z - a ring of protection from magic (right hand)
 H - an uncursed ring of see invisible
Magical devices
 d - a wand of draining (0)
 i - a wand of enslavement (7)
 l - a wand of magic darts (30)
 m - a wand of magic darts (24)
 t - a wand of random effects (11)
 D - a wand of slowing (24)
Scrolls
 h - 4 scrolls of identify
 r - a scroll of enchant armour
 s - a scroll of noise
 w - 3 scrolls of magic mapping
 A - 3 scrolls of enchant weapon
 B - a scroll of silence
 C - a scroll of curse weapon
Books
 u - a book of Transfigurations

   Spells                             Type                      Level
   a - Stoneskin                      Transmutation/Earth          2
   b - Irradiate                      Conjuration/Transmutation    5
   c - Statue Form                    Transmutation/Earth          6
   d - Hydra Form                     Transmutation                6
   e - Dragon Form                    Transmutation                7
 F - a Necronomicon {highlevel, unknown}

   This book is beyond your current level of understanding.

   Spells                             Type                      Level
   a - Haunt                          Necromancy/Summoning         7
   b - Borgnjor's Revivification      Necromancy                   8
   c - Death's Door                   Charms/Necromancy            8
   d - Necromutation                  Transmutation/Necromancy     8
 G - a book of Burglary

   Spells                             Type                      Level
   a - Swiftness                      Charms/Air                   2
   b - Passwall                       Transmutation/Earth          3
   c - Passage of Golubria            Translocation                4
   d - Lee's Rapid Deconstruction     Earth                        5
   e - Invisibility                   Hexes                        6
   f - Darkness                       Hexes                        7


   Skills:
 + Level 9.3 Fighting
 - Level 12.0(15.4) Maces & Flails
 - Level 1.5 Throwing
 + Level 7.1 Armour
 - Level 2.4 Dodging


You had 10 spell levels left.
You didn't know any spells.

Dungeon Overview and Level Annotations

Branches:
Dungeon (8/15)             Temple (1/1) D:5            Lair (4/8) D:8
  Snake (0/5) Lair:3
  Swamp: Lair:3-6    Shoals: Lair:3-6

Altars:
Ashenzari
Cheibriados
Dithmenos
Elyvilon
Fedhas
Makhleb
Nemelex Xobeh
Okawaru
Ru
Sif Muna
Trog
Vehumet
Xom
Yredelemnul
Zin
The Shining One

Shops:
D:4 ::([   D:8 ?

Annotations:
D:4 Pikel
Lair:3 Maud, Rupert


Innate Abilities, Weirdness & Mutations

You do not eat or drink.
Your flesh is vulnerable to fire.
You are immune to poison.
Your flesh is cold resistant.
You are immune to negative energy.
You are immune to unholy pain and torment.
You can survive without breathing.


Message History

The minotaur barely misses you.
You strike the helpless minotaur from behind!
You hit the minotaur but do no damage.
The minotaur is lightly wounded.
Your plate armour prevents you from hitting the minotaur.
The minotaur is lightly wounded.
The minotaur hits you but does no damage.
The minotaur gores you.
You hit the minotaur but do no damage.
The minotaur is lightly wounded.
You hit the minotaur but do no damage.
The minotaur is lightly wounded.
The minotaur hits you with a rod of ignition!!
* * * LOW HITPOINT WARNING * * *
The minotaur gores you!
* * * LOW HITPOINT WARNING * * *
You flicker for a moment.
You flicker back into view.
The minotaur hits you with a rod of ignition!!
You die...

,#.#,#...#.#.....
, #####. #
.#.....#.# * ...
...... .......#,
, * , , #.
#############..#
* #..# , ,∆ #..
,# , , #. #,* *
*,#.##.##### #..#
, , #........# ,
##.# ,
,#H##.#.###* ..#
, #@...# * , .# #
. , * #.##.# * ..
#.#*#. , #..* #
## # # . ,* ,#..#
* * ..#.#.# ,#...
# .#. . #.### ,
.#.. ,, *,#.. ,
..# ##### ## #..
** * . . .. .
....


You could see a minotaur.

Vanquished Creatures
  Fannar (Lair:1)
  Urug (Lair:2)
  Nergalle (Lair:3)
  4 spiny frogs
  A komodo dragon (Lair:2)
  A fire drake (Lair:3)
  3 blink frogs (Lair:3)
  2 trapdoor spiders (Lab)
  3 basilisks
  3 yaks (Lair:2)
  A hungry ghost (D:7)
  3 nagas (Lair:3)
  Edmund (D:4)
  A hippogriff (Lair:2)
  8 wolves
  7 water moccasins
  A porcupine (Lair:1)
  3 orc warriors
  A sky beast (D:8)
  A necrophage (D:7)
  5 ogres
  2 phantoms
  3 ice beasts
  4 boring beetles (D:8)
  5 centaurs
  12 giant frogs
  A big kobold (D:7)
  A water moccasin zombie (D:8)
  A jelly (D:8)
  2 scorpions
  6 killer bees
  2 crimson imps
  2 quasits (D:8)
  2 goliath beetles (D:6)
  5 wights (D:8)
  7 hounds
  9 orc priests
  9 orc wizards
  A giant frog skeleton (D:8)
  A gnoll shaman (D:8)
  4 iguanas
  4 worker ants
  6 gnolls (D:8)
  7 river rats (Lair:2)
  15 adders
  4 worms
  2 adder skeletons
  5 giant geckos
  27 orcs
  3 ball pythons
  A bat skeleton (D:5)
  2 giant cockroaches (D:5)
  12 goblins
  13 hobgoblins
  12 jackals
  7 quokkas
  15 bats
  6 giant newts
  14 kobolds
  A quokka skeleton (D:6)
  19 rats
  3 ballistomycetes (D:8)
309 creatures vanquished.

Vanquished Creatures (others)
  A jelly (D:8)
  A giant spore (D:8)
  4 fungi
6 creatures vanquished.

Grand Total: 315 creatures vanquished

Notes
Turn   | Place    | Note
--------------------------------------------------------------
     0 | D:1      | McCoppin, the Mummy Gladiator, began the quest for the Orb.
     0 | D:1      | Reached XP level 1. HP: 16/16 MP: 1/1
   252 | D:1      | Reached XP level 2. HP: 14/23 MP: 2/2
   993 | D:2      | Reached XP level 3. HP: 26/28 MP: 3/3
  1066 | D:2      | Found a white marble altar of Elyvilon.
  1069 | D:2      | Reached skill level 3 in Fighting
  1577 | D:2      | Reached XP level 4. HP: 30/35 MP: 4/4
  2203 | D:3      | Found a snail-covered altar of Cheibriados.
  2271 | D:3      | Reached XP level 5. HP: 41/41 MP: 5/5
  2276 | D:3      | Reached skill level 4 in Maces & Flails
  2915 | D:4      | Reached skill level 5 in Maces & Flails
  2915 | D:4      | Reached XP level 6. HP: 37/47 MP: 6/6
  3002 | D:4      | Found Taepad's Weapon Boutique.
  3021 | D:4      | Found Hataeqer's Book Emporium.
  3175 | D:4      | Noticed Pikel
  3332 | D:4      | Found a bloodstained altar of Trog.
  3470 | D:4      | Noticed a slave
  3470 | D:4      | Reached skill level 6 in Maces & Flails
  3470 | D:4      | Reached XP level 7. HP: 21/52 MP: 7/7
  3722 | D:4      | Found Dismirel's Book Boutique.
  3759 | D:4      | Found Mazen's Armour Emporium.
  3764 | D:4      | Bought a +0 pair of gloves for 58 gold pieces
  3777 | D:4      | Noticed Edmund
  3823 | D:4      | Killed Edmund
  4357 | D:5      | Entered Level 5 of the Dungeon
  4404 | D:5      | Reached skill level 7 in Maces & Flails
  4462 | D:5      | Found a staircase to the Ecumenical Temple.
  4500 | Temple   | Entered the Ecumenical Temple
  4504 | Temple   | Became a worshipper of Ashenzari the Shackled
  4972 | D:5      | Reached XP level 8. HP: 54/59 MP: 8/8
  5115 | D:5      | Found a blossoming altar of Fedhas.
  5339 | D:5      | Reached skill level 8 in Maces & Flails
  6275 | D:6      | Reached skill level 9 in Maces & Flails
  7405 | D:7      | Reached XP level 9. HP: 59/64 MP: 9/9
  7433 | D:7      | Reached skill level 10 in Maces & Flails
  9042 | D:8      | Reached skill level 11 in Maces & Flails
  9044 | D:8      | Found a staircase to the Lair.
  9788 | D:8      | Found a burning altar of Makhleb.
  9821 | D:8      | Reached XP level 10. HP: 63/70 MP: 10/10
 10213 | D:8      | Reached skill level 12 in Maces & Flails
 10381 | D:8      | Found Reochete's Magic Scroll Shoppe.
 10406 | D:8      | Bought a scroll of teleportation for 45 gold pieces
 10406 | D:8      | Bought a scroll of remove curse for 45 gold pieces
 10406 | D:8      | Bought a scroll of teleportation for 45 gold pieces
 10672 | D:8      | Reached skill level 1 in Armour
 10835 | D:8      | Acquired Ashenzari's first power
 11011 | Lair:1   | Entered Level 1 of the Lair of Beasts
 11355 | Lair:1   | Noticed Fannar
 11722 | Lair:1   | Reached skill level 5 in Fighting
 11870 | Lair:1   | Killed Fannar
 12044 | Lair:1   | Noticed an eight-headed hydra
 12046 | Lair:1   | Noticed a black mamba
 12196 | Lair:2   | Found a radiant altar of Vehumet.
 12204 | Lair:2   | Noticed Urug
 12221 | Lair:2   | Killed Urug
 12362 | Lair:2   | Reached skill level 5 in Armour
 12372 | Lair:2   | Reached XP level 11. HP: 84/84 MP: 11/11
 13550 | Lair:3   | Noticed Nergalle
 13596 | Lair:3   | Killed Nergalle
 13927 | Lair:3   | Noticed Maud
 14342 | Lair:3   | Found a staircase to the Snake Pit.
 15011 | Lair:3   | Noticed Rupert
 15434 | Lair:4   | Found a labyrinth entrance.
 15464 | Lab      | Entered a labyrinth
 15471 | Lab      | Acquired Ashenzari's second power
 16040 | Lab      | Noticed a minotaur
 17766 | Lab      | Identified a +4 rod of ignition (11/11)
 17766 | Lab      | Demolished by a minotaur

Action                   |  1- 3 |  4- 6 |  7- 9 | 10-12 || total
-------------------------+-------+-------+-------+-------++-------
Melee: Flail             |   148 |   218 |    41 |       ||   407
       Whip              |       |    32 |       |       ||    32
       Dire flail        |       |       |   500 |   607 ||  1107
 Fire: Blowgun           |       |     6 |    49 |       ||    55
Throw: Throwing net      |       |       |     4 |     3 ||     7
       Javelin           |       |       |       |     1 ||     1
 Abil: Evoke Invisibilit |       |       |       |     1 ||     1
Evoke: Wand              |       |       |       |    10 ||    10
  Use: Scroll            |       |     4 |    10 |     9 ||    23
 Stab: Held in net/web   |       |       |     2 |       ||     2
       Invisible         |       |       |       |     2 ||     2
